NCAA
SOUTH CAROLINA GAMECOCKS @ MISSOURI TIGERS
05/23/2026
 
TOP OF THE 1ST
South Carolina Gamecocks batting - Pitching for Missouri Tigers : RHP Pedro Garza
Pitching: RHP Pedro Garza
Batting: LHB Pat Carroll 0-0: Ball
1-0: DOUBLE (Line Drive, 7LM)
Batting: RHB Fernando Pérez 0-0: Called Strike
0-1: Foul Ball, location: 2F
0-2: Ball
1-2: Foul Ball, location: 2F
1-2: Ball
2-2: Strikes out swinging
Batting: LHB Chandler Pitts 0-0: Ball
1-0: Ball
2-0: Swinging Strike
2-1: Ball
3-1: Foul Ball, location: 2F
3-2: Strikes out swinging
Batting: RHB Clint Ratzlaff 0-0: Ball
1-0: Called Strike
1-1: Ball
2-1: Swinging Strike
2-2: Foul Ball, location: 2F
2-2: Fly out, F9 (Flyball, 9M)
Top of the 1st over - 0 run(s), 1 hit(s), 0 error(s), 1 left on base; South Carolina 0 - Missouri 0
BOTTOM OF THE 1ST
Missouri Tigers batting - Pitching for South Carolina Gamecocks : RHP Keith Heffner
Pitching: RHP Keith Heffner
Batting: LHB Ray Hampton 0-0: Foul Ball, location: 2F
0-1: Swinging Strike
0-2: Foul Ball, location: 2F
0-2: Foul Ball, location: 2F
0-2: Ball
1-2: Ball
2-2: Ball
3-2: Foul Ball, location: 2F
3-2: Foul Ball, location: 2F
3-2: SINGLE (Line Drive, 7S)
Batting: RHB Evan Jackson 0-0: Called Strike
0-1: Ball
1-1: Foul Ball, location: 2F
1-2: Strikes out swinging
Batting: RHB Troy González 0-0: Foul Ball, location: 2F
0-1: SINGLE (Groundball, 56D)
Ray Hampton to second
Batting: RHB Sean White 0-0: Called Strike
0-1: Ball
1-1: Swinging Strike
1-2: Strikes out swinging
Batting: RHB Irwin Sizemore 0-0: Called Strike
0-1: Swinging Strike
0-2: Strikes out looking
Bottom of the 1st over - 0 run(s), 2 hit(s), 0 error(s), 2 left on base; South Carolina 0 - Missouri 0
TOP OF THE 2ND
South Carolina Gamecocks batting - Pitching for Missouri Tigers : RHP Pedro Garza
Batting: LHB Bill Walter 0-0: Ball
1-0: Called Strike
1-1: Foul Ball, location: 2F
1-2: Ball
2-2: Foul Ball, location: 2F
2-2: Strikes out swinging
Batting: RHB Mike Wagner 0-0: SINGLE (Line Drive, 4D)
Batting: RHB Sidney Smith Pickoff Throw to First - Out!
0-0: Fly out, F8 (Flyball, 8RM)
Top of the 2nd over - 0 run(s), 1 hit(s), 0 error(s), 0 left on base; South Carolina 0 - Missouri 0
BOTTOM OF THE 2ND
Missouri Tigers batting - Pitching for South Carolina Gamecocks : RHP Keith Heffner
Batting: RHB Craig Smith 0-0: Called Strike
0-1: Ball
1-1: Called Strike
1-2: Foul Ball, location: 2F
1-2: Strikes out swinging
Batting: RHB Alec Goodman 0-0: Ball
1-0: Called Strike
1-1: Ball
2-1: Foul Ball, location: 2F
2-2: Strikes out swinging
Batting: RHB Norman Dye 0-0: Ball
1-0: Swinging Strike
1-1: Swinging Strike
1-2: Ball
2-2: Strikes out swinging
Bottom of the 2nd over - 0 run(s), 0 hit(s), 0 error(s), 0 left on base; South Carolina 0 - Missouri 0
TOP OF THE 3RD
South Carolina Gamecocks batting - Pitching for Missouri Tigers : RHP Pedro Garza
Batting: RHB José Maldonado 0-0: Called Strike
0-1: Ground out 6-3 (Groundball, 6)
Batting: LHB Gilberto Ortíz 0-0: Ball
1-0: Ground out 4-3 (Groundball, 4)
Batting: LHB Pat Carroll 0-0: Ball
1-0: Ball
2-0: Foul Ball, location: 2F
2-1: Ball
3-1: Foul Ball, location: 2F
3-2: Base on Balls
Batting: RHB Fernando Pérez 0-0: Ball
1-0: Ball
2-0: Called Strike
2-1: DOUBLE (Line Drive, 7LM)
Pat Carroll to third
Runner from 3rd tries for Home, throw and OUT!
Top of the 3rd over - 0 run(s), 1 hit(s), 0 error(s), 1 left on base; South Carolina 0 - Missouri 0
BOTTOM OF THE 3RD
Missouri Tigers batting - Pitching for South Carolina Gamecocks : RHP Keith Heffner
Batting: SHB Luis Estrada 0-0: Called Strike
0-1: Ball
1-1: Ball
2-1: Foul Ball, location: 2F
2-2: Ground out U3 (Groundball, 3)
Batting: LHB Ray Hampton 0-0: Swinging Strike
0-1: Swinging Strike
0-2: Ball
1-2: Ball
2-2: Ball
3-2: Strikes out swinging
Batting: RHB Evan Jackson 0-0: Fly out, F9 (Flyball, 9M)
Bottom of the 3rd over - 0 run(s), 0 hit(s), 0 error(s), 0 left on base; South Carolina 0 - Missouri 0
TOP OF THE 4TH
South Carolina Gamecocks batting - Pitching for Missouri Tigers : RHP Pedro Garza
Batting: LHB Chandler Pitts 0-0: Ball
1-0: Foul Ball, location: 2F
1-1: Foul Ball, location: 2F
1-2: Ball
2-2: Foul Ball, location: 2F
2-2: Ball
3-2: Strikes out swinging
Batting: RHB Clint Ratzlaff 0-0: Ball
1-0: Reached on error, E5 (Groundball, 5S)
Batting: LHB Bill Walter 0-0: Ball
1-0: Called Strike
1-1: Ball
2-1: Foul Ball, location: 2F
2-2: Strikes out swinging
Batting: RHB Mike Wagner 0-0: Called Strike
0-1: Ball
1-1: Ball
2-1: Ball
3-1: Fly out, F9 (Flyball, 9M)
Top of the 4th over - 0 run(s), 0 hit(s), 1 error(s), 1 left on base; South Carolina 0 - Missouri 0
BOTTOM OF THE 4TH
Missouri Tigers batting - Pitching for South Carolina Gamecocks : RHP Keith Heffner
Batting: RHB Troy González 0-0: Ball
1-0: SINGLE (Line Drive, 7LS)
Batting: RHB Sean White 0-0: Fly out, F7 (Flyball, 78XD)
Batting: RHB Irwin Sizemore 0-0: Foul Ball, location: 2F
0-1: Ball
1-1: Fly out, F9 (Flyball, 9M)
Batting: RHB Craig Smith 0-0: Ball
1-0: Called Strike
1-1: Fielders Choice at 2nd, 5-4 (Groundball, 5)
Bottom of the 4th over - 0 run(s), 1 hit(s), 0 error(s), 0 left on base; South Carolina 0 - Missouri 0
TOP OF THE 5TH
South Carolina Gamecocks batting - Pitching for Missouri Tigers : RHP Pedro Garza
Batting: RHB Sidney Smith 0-0: Called Strike
0-1: Called Strike
0-2: Foul Ball, location: 2F
0-2: Foul Ball, location: 2F
0-2: Strikes out swinging
Batting: RHB José Maldonado 0-0: Called Strike
0-1: Ball
1-1: Swinging Strike
1-2: Strikes out swinging
Batting: LHB Gilberto Ortíz 0-0: Ground out U3 (Groundball, 3)
Top of the 5th over - 0 run(s), 0 hit(s), 0 error(s), 0 left on base; South Carolina 0 - Missouri 0
BOTTOM OF THE 5TH
Missouri Tigers batting - Pitching for South Carolina Gamecocks : RHP Keith Heffner
Batting: RHB Alec Goodman 0-0: Swinging Strike
0-1: Ball
1-1: Called Strike
1-2: Ball
2-2: Strikes out swinging
Batting: RHB Norman Dye 0-0: Called Strike
0-1: Ball
1-1: Ball
2-1: Ball
3-1: Foul Ball, location: 2F
3-2: Base on Balls
Batting: SHB Luis Estrada 0-0: Swinging Strike
0-1: Ball
1-1: Swinging Strike
1-2: Foul Ball, location: 2F
1-2: Strikes out looking
Batting: LHB Ray Hampton 0-0: Ball
1-0: SINGLE (Groundball, 6MD)
Norman Dye to second
Runner from 2nd tries for 3rd, SAFE, throw made to third
Batting: RHB Evan Jackson 0-0: Fielders Choice at 2nd, 6-4 (Groundball, 6)
Bottom of the 5th over - 0 run(s), 1 hit(s), 0 error(s), 1 left on base; South Carolina 0 - Missouri 0
TOP OF THE 6TH
South Carolina Gamecocks batting - Pitching for Missouri Tigers : RHP Pedro Garza
Batting: LHB Pat Carroll 0-0: Foul Ball, location: 2F
0-1: Ball
1-1: Called Strike
1-2: Strikes out swinging
Batting: RHB Fernando Pérez 0-0: Ball
1-0: SINGLE (Line Drive, 34)
Batting: LHB Chandler Pitts 0-0: Ball
1-0: Ball
2-0: Ball
3-0: Base on Balls
Fernando Pérez to second
Pitching: RHP Kenny Mills
Batting: RHB Clint Ratzlaff 0-0: Foul Ball, location: 2F
0-1: SINGLE (Line Drive, 78S)
Fernando Pérez to third
Chandler Pitts to second
Batting: LHB Bill Walter 0-0: Ball
1-0: Grounds into double play, 6-4-3 (Groundball, 6)
Top of the 6th over - 0 run(s), 2 hit(s), 0 error(s), 2 left on base; South Carolina 0 - Missouri 0
BOTTOM OF THE 6TH
Missouri Tigers batting - Pitching for South Carolina Gamecocks : RHP Keith Heffner
Batting: RHB Troy González 0-0: Ball
1-0: Ball
2-0: Ball
3-0: Called Strike
3-1: Base on Balls
Pitching: RHP Keith Anderson
Batting: RHB Sean White 0-0: Fly out, F9 (Flyball, 9M)
Batting: RHB Irwin Sizemore 0-0: Ball
1-0: Called Strike
1-1: Foul Ball, location: 2F
1-2: Ball
2-2: Ground out 4-3 (Groundball, 4M)
Troy González to second
Batting: RHB Craig Smith 0-0: Ball
1-0: Ball
2-0: Fly out, F6 (Popup, 56)
Bottom of the 6th over - 0 run(s), 0 hit(s), 0 error(s), 1 left on base; South Carolina 0 - Missouri 0
TOP OF THE 7TH
South Carolina Gamecocks batting - Pitching for Missouri Tigers : RHP Kenny Mills
Batting: RHB Mike Wagner 0-0: Fly out, F7 (Flyball, 7S)
Batting: RHB Sidney Smith 0-0: Called Strike
0-1: Ball
1-1: Ball
2-1: Called Strike
2-2: Foul Ball, location: 2F
2-2: Fly out, F6 (Line Drive, 6)
Batting: RHB José Maldonado 0-0: Ball
1-0: Ball
2-0: Ball
3-0: Base on Balls
Batting: LHB Gilberto Ortíz 0-0: Called Strike
0-1: Ball
1-1: Swinging Strike
1-2: Strikes out looking
Top of the 7th over - 0 run(s), 0 hit(s), 0 error(s), 1 left on base; South Carolina 0 - Missouri 0
BOTTOM OF THE 7TH
Missouri Tigers batting - Pitching for South Carolina Gamecocks : RHP Keith Anderson
Batting: RHB Alec Goodman 0-0: Ball
1-0: Ball
2-0: Ball
3-0: Called Strike
3-1: Base on Balls
Batting: RHB Norman Dye Pickoff Throw to First - Error! E1
Alec Goodman to second
0-0: Hit by Pitch
Batting: SHB Luis Estrada 0-0: Ball
1-0: Sac Bunt - play at first, batter OUT! 1-4
Alec Goodman to third
Norman Dye to second
Batting: LHB Ray Hampton 0-0: Intentional Walk
Batting: RHB Evan Jackson 0-0: Ball
1-0: Grounds into double play, 6-4-3 (Groundball, 6D)
Bottom of the 7th over - 0 run(s), 0 hit(s), 1 error(s), 2 left on base; South Carolina 0 - Missouri 0
TOP OF THE 8TH
South Carolina Gamecocks batting - Pitching for Missouri Tigers : RHP Kenny Mills
Batting: LHB Pat Carroll 0-0: Swinging Strike
0-1: Ball
1-1: Ball
2-1: Swinging Strike
2-2: Foul Ball, location: 2F
2-2: Ball
3-2: Strikes out swinging
Pitching: RHP Ben Simpson
Batting: RHB Fernando Pérez 0-0: Ball
1-0: Foul Ball, location: 2F
1-1: Ball
2-1: Called Strike
2-2: Strikes out swinging
Batting: LHB Chandler Pitts 0-0: Called Strike
0-1: Called Strike
0-2: Ball
1-2: Ball
2-2: Ground out U3 (Groundball, 3S)
Top of the 8th over - 0 run(s), 0 hit(s), 0 error(s), 0 left on base; South Carolina 0 - Missouri 0
BOTTOM OF THE 8TH
Missouri Tigers batting - Pitching for South Carolina Gamecocks : RHP Keith Anderson
Pitching: LHP José Carlos
Batting: RHB Troy González 0-0: Called Strike
0-1: Ball
1-1: Called Strike
1-2: Ball
2-2: Strikes out swinging
Batting: RHB Sean White 0-0: Called Strike
0-1: Ball
1-1: Fly out, F4 (Line Drive, 4)
Batting: RHB Irwin Sizemore 0-0: Called Strike
0-1: Ball
1-1: Foul Ball, location: 2F
1-2: SINGLE (Groundball, 56)
Batting: RHB Craig Smith 0-0: Called Strike
0-1: Foul Ball, location: 2F
0-2: Foul Ball, location: 2F
0-2: Strikes out swinging
Bottom of the 8th over - 0 run(s), 1 hit(s), 0 error(s), 1 left on base; South Carolina 0 - Missouri 0
TOP OF THE 9TH
South Carolina Gamecocks batting - Pitching for Missouri Tigers : RHP Ben Simpson
Pitching: RHP Teddy Foster
Batting: RHB Clint Ratzlaff 0-0: Ball
1-0: Ball
2-0: Foul Ball, location: 2F
2-1: Fly out, F7 (Line Drive, 7M)
Batting: LHB Bill Walter 0-0: Ball
1-0: Swinging Strike
1-1: Ball
2-1: Fly out, F6 (Popup, 56D)
Batting: RHB Mike Wagner 0-0: Ball
1-0: Foul Ball, location: 2F
1-1: Foul Ball, location: 2F
1-2: Ball
2-2: Strikes out swinging
Top of the 9th over - 0 run(s), 0 hit(s), 0 error(s), 0 left on base; South Carolina 0 - Missouri 0
BOTTOM OF THE 9TH
Missouri Tigers batting - Pitching for South Carolina Gamecocks : LHP José Carlos
Pitching: RHP Gerald Wood
Batting: RHB Alec Goodman 0-0: Ground out 5-3 (Groundball, 56S)
Batting: RHB Norman Dye 0-0: Called Strike
0-1: Ball
1-1: Called Strike
1-2: Ball
2-2: Foul Ball, location: 2F
2-2: Ball
3-2: Fly out, F7 (Line Drive, 7LM)
Batting: SHB Luis Estrada 0-0: Swinging Strike
0-1: Foul Ball, location: 2F
0-2: Ball
1-2: Foul Ball, location: 2F
1-2: SINGLE (Line Drive, 34D)
Batting: LHB Ray Hampton 0-0: Ball
1-0: Ball
2-0: Swinging Strike
2-1: Swinging Strike
2-2: Ground out 4-3 (Groundball, 4)
Bottom of the 9th over - 0 run(s), 1 hit(s), 0 error(s), 1 left on base; South Carolina 0 - Missouri 0
TOP OF THE 10TH
South Carolina Gamecocks batting - Pitching for Missouri Tigers : RHP Teddy Foster
Batting: RHB Sidney Smith 0-0: Called Strike
0-1: Foul Ball, location: 2F
0-2: SINGLE (Groundball, 56)
Batting: RHB José Maldonado 0-0: Bunted foul
0-1: Bunted foul
0-2: Ball
1-2: Fly out, F8 (Flyball, 8LM)
Batting: LHB Gilberto Ortíz 0-0: Foul Ball, location: 2F
0-1: Ball
1-1: Ball
2-1: Foul Ball, location: 2F
2-2: Ball
3-2: Strikes out swinging
Sidney Smith steals 2nd base
Batter strikes out.
Batting: LHB Pat Carroll 0-0: Swinging Strike
0-1: Ball
1-1: Ball
2-1: Swinging Strike
2-2: Foul Ball, location: 2F
2-2: Strikes out swinging
Top of the 10th over - 0 run(s), 1 hit(s), 0 error(s), 1 left on base; South Carolina 0 - Missouri 0
BOTTOM OF THE 10TH
Missouri Tigers batting - Pitching for South Carolina Gamecocks : RHP Gerald Wood
Batting: RHB Evan Jackson 0-0: Called Strike
0-1: Ball
1-1: DOUBLE (Line Drive, 7LS)
Batting: RHB Troy González 0-0: Ball
1-0: Foul Ball, location: 2F
1-1: Swinging Strike
1-2: Foul Ball, location: 2F
1-2: Strikes out swinging
Batting: RHB Sean White 0-0: Intentional Walk
Batting: RHB Irwin Sizemore 0-0: Ball
1-0: Swinging Strike
1-1: SINGLE (Line Drive, 6MD)
Evan Jackson to third
Sean White to second
Batting: RHB Craig Smith 0-0: Fly out, F5 (Popup, 5F)
Batting: RHB Alec Goodman 0-0: Ball
1-0: Ball
2-0: Fly out, F7 (Flyball, 7S)
Bottom of the 10th over - 0 run(s), 2 hit(s), 0 error(s), 3 left on base; South Carolina 0 - Missouri 0
TOP OF THE 11TH
South Carolina Gamecocks batting - Pitching for Missouri Tigers : RHP Teddy Foster
Pitching: RHP Shane Burt
Batting: RHB Fernando Pérez Reached via error on a dropped throw, E3
Pinch Runner at 1st Don Miller:
Batting: LHB Chandler Pitts 0-0: Ball
Don Miller steals 2nd base
1-0: Intentional Walk
Batting: RHB Clint Ratzlaff 0-0: Fielders Choice at 2nd, 5-4 (Groundball, 56)
Don Miller to third
Batting: LHB Bill Walter 0-0: Called Strike
0-1: Ball
1-1: Fly out, F7 (Line Drive, 78S)
Batting: RHB Mike Wagner 0-0: SINGLE (Line Drive, 8LS)
Don Miller scores
Clint Ratzlaff to second
Batting: RHB Sidney Smith 0-0: Ball
1-0: Ball
2-0: Called Strike
2-1: Ball
3-1: Fly out, F9 (Flyball, 9S)
Top of the 11th over - 1 run(s), 1 hit(s), 1 error(s), 2 left on base; South Carolina 1 - Missouri 0
BOTTOM OF THE 11TH
Missouri Tigers batting - Pitching for South Carolina Gamecocks : RHP Gerald Wood
Pitching: RHP Bryan Smith
Now at C: Les Walsh
Batting: RHB Norman Dye 0-0: Called Strike
0-1: Called Strike
0-2: Ball
1-2: Ball
2-2: Ball
3-2: Base on Balls
Batting: SHB Luis Estrada 0-0: Ball
1-0: Sac Bunt - play at first, batter OUT! 2-4
Norman Dye to second
Batting: LHB Ray Hampton 0-0: Called Strike
0-1: Called Strike
0-2: Foul Ball, location: 2F
0-2: Ball
1-2: Foul Ball, location: 2F
1-2: Ball
2-2: Ball
3-2: Foul Ball, location: 2F
3-2: Base on Balls
Batting: RHB Evan Jackson 0-0: Ball
1-0: Foul Ball, location: 2F
1-1: Ball
2-1: Swinging Strike
2-2: Foul Ball, location: 2F
2-2: Strikes out looking
Batting: RHB Troy González 0-0: Called Strike
0-1: Fly out, F9 (Flyball, 89S)
Bottom of the 11th over - 0 run(s), 0 hit(s), 0 error(s), 2 left on base; South Carolina 1 - Missouri 0
Monday, December 5th, 2016 - OOTP Baseball 17.12 Build 75